 Dungeon Crawl Stone Soup version 0.29-a0-870-g2c972031a6 (webtiles) character file.

Game seed: 13072428923653690138

11728 Demosthentine the Nimble (level 11, 0/92 HPs)
             Began as a Merfolk Gladiator on July 17, 2022.
             Was a Priest of the Shining One.
             Slain by a wyvern (10 damage)
             ... on level 11 of the Dungeon on July 18, 2022.
             The game lasted 00:16:53 (13201 turns).

Demosthentine the Nimble (Merfolk Gladiator)       Turns: 13201, Time: 00:16:54

Health: 0/92       AC: 11    Str: 22    XL:     11   Next: 82%
Magic:  15/15      EV: 20    Int:  8    God:    the Shining One [***...]
Gold:   608        SH:  0    Dex: 18    Spells: 10/10 levels left

rFire   . . .      SeeInvis .   a - +1 trident (vorpal)
rCold   . . .      Faith    .   (no shield)
rNeg    + . .      Spirit   .   b - +0 leather armour
rPois   .          Reflect  .   c - +0 helmet
rElec   .          Harm     .   x - +2 cloak
rCorr   .          Rampage  .   g - +1 pair of gloves
Will    +....                   q - +0 pair of boots
Stlth   +.........              (no amulet)
HPRegen 0.25/turn               l - +6 ring of strength
MPRegen 0.14/turn               H - ring of willpower

@: glowing
A: (nimble swimmer 2), mertail
a: Renounce Religion, Divine Shield, Cleansing Flame


You were on level 11 of the Dungeon.
You worshipped the Shining One.
The Shining One was most pleased with you.
You visited 2 branches of the dungeon, and saw 12 of its levels.

You collected 654 gold pieces.
You spent 13 gold pieces at shops.
You donated 33 gold pieces to Zin.

Inventory:

Hand Weapons
 a - a +1 vorpal trident (weapon)
 I - the +9 spear "Qeoff" {vorpal, Str+4 Dex-3}
   (You found it on level 10 of the Dungeon)

   It inflicts extra damage upon your enemies.
   Str:       It affects your strength (+4).
   Dex:       It affects your dexterity (-3).
Missiles
 e - 6 javelins (quivered)
Armour
 b - a +0 leather armour (worn)
 c - a +0 helmet (worn)
 g - a +1 pair of gloves (worn)
 q - a +0 pair of boots (worn)
 x - a +2 cloak (worn)
Jewellery
 l - a +6 ring of strength (left hand)
 H - a ring of willpower (right hand)
Wands
 f - a wand of polymorph (5)
 s - a wand of mindburst (4)
 D - a wand of flame (32)
 F - a wand of charming (4)
Scrolls
 o - 3 scrolls of vulnerability
 r - 5 scrolls of blinking
 v - 2 scrolls of magic mapping
 y - a scroll of fog
 z - a scroll of teleportation
 A - 2 scrolls of enchant armour
 B - 2 scrolls of fear
Potions
 h - 3 potions of invisibility
 i - 5 potions of haste
 j - 4 potions of curing
 k - 2 potions of cancellation
 m - a potion of might
 n - 2 potions of resistance
 p - 3 potions of flight
 t - 3 potions of lignification
 u - a potion of ambrosia
 w - 4 potions of mutation {unknown}
 C - a potion of attraction
 E - 2 potions of brilliance


   Skills:
 + Level 10.4 Fighting
 + Level 12.6 Polearms
 - Level 2.0 Throwing
 - Level 5.4 Armour
 + Level 12.7 Dodging
 + Level 6.1 Invocations


You had 10 spell levels left.
You didn't know any spells.
Your spell library contained the following spells:

 Spells                   Type           Power      Damage    Failure   Level
 Magic Dart               Conj           0%         1d3       45%         1
 Sting                    Tmut/Pois      0%         1d3       45%         1
 Ensorcelled Hibernation  Hex/Ice        0%         N/A       58%         2
 Passwall                 Tmut/Erth      0%         N/A       58%         2
 Poisonous Vapours        Pois/Air       0%         N/A       58%         2
 Searing Ray              Conj           0%         2d4       58%         2
 Call Canine Familiar     Summ           0%         N/A       83%         3
 Portal Projectile        Hex/Tloc       0%         N/A       83%         3
 Swiftness                Air            0%         N/A       83%         3
 Fulminant Prism          Conj/Hex       0%         3d6       99%         4
 Leda's Liquefaction      Hex/Erth       0%         N/A       99%         4
 Olgreb's Toxic Radiance  Pois           0%         N/A       99%         4


Dungeon Overview and Level Annotations

Branches:
Dungeon (11/15)            Temple (1/1) D:7             Orc (0/2) D:11
   Lair: D:8-11

Altars:
Ashenzari
Cheibriados
Dithmenos
Elyvilon
Fedhas
Gozag
Hepliaklqana
Kikubaaqudgha
Makhleb
Nemelex Xobeh
Okawaru
Qazlal
Ru
Sif Muna
Trog
Uskayaw
Vehumet
Wu Jian
Xom
Yredelemnul
Zin
The Shining One

Shops:
D:3 !


Innate Abilities, Weirdness & Mutations

((You are very nimble when in or above water. (Stealth+, EV+, Speed+++)))
Your lower body shifts to a powerful aquatic tail in water.


Message History

The acid dragon is severely wounded.
The acid dragon bites you but does no damage.
The acid dragon barely misses you. The orc barely misses you.
You puncture the acid dragon!
You kill the acid dragon!
The orc hits you but does no damage.
You are poisoned.
You hit the orc.
The orc is heavily wounded.
You feel sick. The orc completely misses you.
You puncture the orc!
You kill the orc!
You feel sick.
You feel sick.
The orc warrior shouts!
You hear an angry hiss.
Items here: ( ) [ †.
An orc warrior is nearby!
An orc warrior is nearby!
You feel sick.
A wyvern comes into view.
There is an open door here.
You feel sick.
The wyvern hisses angrily.
You feel sick.
The orc shouts!
A water moccasin comes into view.
The orc warrior misses you.
There is an open door here.
You feel sick.
You are no longer poisoned.
The wyvern hisses menacingly.
The wyvern closely misses you.
You hit the wyvern.
The wyvern is moderately wounded.
The wyvern bites you!
* * * LOW HITPOINT WARNING * * *
You puncture the wyvern!
The wyvern is severely wounded.
The wyvern bites you!
You die...

# ####+####### # #......:...#
# #<.....[...# ###+######### #
#..........# #...........# #
#...S......# #...........#
#####..........###........$..#
#...'...(......#@')..........#
'.###..<.......#l#.....).....#
### #..........'o#...........#
# #..........###...........# #
########'### #...........# #o
############# .. #' ### .


You could see an orc warrior and a wyvern.

Vanquished Creatures
  A fire dragon (D:9)
  A hydra (D:9)
  3 two-headed ogres
  A tengu warrior (D:11)
  Amaemon (D:8)
  Pikel (D:9)
  2 cyclopes
  An orange demon (D:8)
  A kobold demonologist (D:9)
  A troll (D:10)
  2 hornets
  2 wyverns (D:9)
  4 yaks (D:9)
  A steam dragon (D:8)
  A vampire mosquito (D:11)
  Menkaure (D:7)
  2 acid dragons
  2 water moccasins (D:7)
  4 orc warriors
  An ice beast (D:6)
  2 centaurs (D:9)
  5 ogres
  A lemure (D:9)
  A phantom (D:6)
  2 kobold brigands (D:9)
  A necrophage (D:4)
  A bullfrog (D:7)
  2 scorpions (D:6)
  A gnoll sergeant (D:9)
  16 wights
  A howler monkey (D:5)
  7 electric eels (D:9)
  4 hounds
  4 orc priests
  2 gnoll boudas
  An iguana (D:5)
  Natasha (thrice) (D:3)
  5 orc wizards
  18 gnolls
  4 adders
  A shadow imp (D:6)
  A white imp (D:6)
  An ufetubus (D:6)
  A worm (D:3)
  3 dart slugs
  37 orcs
  5 bats
  6 endoplasms
  A giant cockroach (D:3)
  9 hobgoblins
  3 jackals (D:1)
  17 kobolds
  3 quokkas
  5 ball pythons
  2 frilled lizards
  2 goblins (D:1)
  13 rats
224 creatures vanquished.

Vanquished Creatures (others)
  An orc wizard (D:4)
  4 fungi (D:11)
  19 plants (D:11)
24 creatures vanquished.

Grand Total: 248 creatures vanquished

Notes
Turn   | Place    | Note
-------+----------+-------------------------------------------
     0 | D:1      | Demosthentine the Merfolk Gladiator began the quest for the
                  | Orb.
     0 | D:1      | Reached XP level 1. HP: 16/16 MP: 1/1
    60 | D:1      | Reached XP level 2. HP: 18/23 MP: 2/2
   591 | D:1      | Reached XP level 3. HP: 28/28 MP: 3/3
   967 | D:2      | Found a sparkling altar of Nemelex Xobeh.
  1169 | D:2      | Reached skill level 1 in Armour
  1588 | D:2      | Found a faded altar of an unknown god.
  1710 | D:3      | Reached XP level 4. HP: 34/34 MP: 4/4
  1745 | D:3      | Found Telyl's Distillery.
  1750 | D:3      | Bought a potion of degeneration for 13 gold pieces
  1935 | D:3      | Noticed Natasha
  1944 | D:3      | Killed Natasha
  2043 | D:3      | Noticed Natasha
  2054 | D:3      | Killed Natasha
  2055 | D:3      | Reached skill level 5 in Polearms
  2055 | D:3      | Reached skill level 5 in Dodging
  2068 | D:3      | Noticed Natasha
  2076 | D:3      | Killed Natasha
  2077 | D:3      | Reached XP level 5. HP: 27/41 MP: 5/5
  2403 | D:4      | Reached XP level 6. HP: 38/48 MP: 6/6
  3125 | D:5      | Entered Level 5 of the Dungeon
  3237 | D:5      | Reached XP level 7. HP: 27/55 MP: 7/7
  4301 | D:6      | Reached skill level 5 in Fighting
  4496 | D:6      | Found an opulent altar of Gozag.
  4496 | D:6      | Found a glowing silver altar of Zin.
  4496 | D:6      | Found a stormy altar of Qazlal.
  4497 | D:6      | Found an ancient bone altar of Kikubaaqudgha.
  4518 | D:6      | Became a worshipper of Zin the Law-Giver
  4518 | D:6      | Reached * piety under Zin
  4532 | D:6      | Reached XP level 8. HP: 30/62 MP: 8/8
  4936 | D:6      | HP: 2/62 [gnoll/+0 whip[a gnoll bouda] (5)]
  5781 | D:6      | Reached ** piety under Zin
  6589 | D:7      | Noticed a hornet
  6602 | D:7      | Killed a hornet
  6739 | D:7      | Found a staircase to the Ecumenical Temple.
  6781 | Temple   | Entered the Ecumenical Temple
  6909 | Temple   | Fell from the grace of Zin
  6909 | Temple   | Became a worshipper of the Shining One
  6909 | Temple   | Reached * piety under the Shining One
  6983 | D:7      | Reached XP level 9. HP: 71/71 MP: 9/9
  7022 | D:7      | Noticed Menkaure
  7028 | D:7      | Killed Menkaure
  7796 | D:8      | Noticed Amaemon
  7797 | D:8      | Noticed an orange demon
  7811 | D:8      | Killed Amaemon
  7816 | D:8      | Killed an orange demon
  7817 | D:8      | Reached skill level 5 in Armour
  8127 | D:8      | Reached ** piety under the Shining One
  8128 | D:8      | Reached XP level 10. HP: 65/80 MP: 10/10
  8255 | D:8      | Noticed a two-headed ogre
  8260 | D:8      | Reached skill level 10 in Dodging
  8305 | D:7      | Reached skill level 10 in Polearms
  8417 | D:8      | Killed a two-headed ogre
  9009 | D:9      | Noticed a five-headed hydra
  9019 | D:9      | Killed a five-headed hydra
  9020 | D:9      | Reached skill level 1 in Invocations
  9550 | D:9      | Noticed Pikel
  9575 | D:9      | Killed Pikel
  9720 | D:9      | Reached XP level 11. HP: 40/89 MP: 13/13
 10236 | D:9      | Noticed a fire dragon
 10252 | D:9      | Killed a fire dragon
 10649 | D:9      | Identified the +6 executioner's axe of Uboec {freeze, rPois
                  | MP+9 Dex+4}
 10844 | D:9      | Noticed a two-headed ogre
 10845 | D:9      | Noticed a cyclops
 10845 | D:9      | Reached *** piety under the Shining One
 10856 | D:9      | Killed a two-headed ogre
 10877 | D:9      | Killed a cyclops
 10878 | D:9      | Reached skill level 5 in Invocations
 11950 | D:10     | Entered Level 10 of the Dungeon
 11965 | D:10     | Identified the +1 helmet "Jemejiut" {rF- Int+7 Dex+2 SInv}
 12236 | D:10     | Noticed a two-headed ogre
 12242 | D:10     | Killed a two-headed ogre
 12243 | D:10     | Reached skill level 10 in Fighting
 12479 | D:10     | Identified the +9 spear "Qeoff" {vorpal, Str+4 Dex-3}
 12642 | D:11     | Noticed a cyclops
 12653 | D:11     | Killed a cyclops
 12766 | D:11     | Found a staircase to the Orcish Mines.
 13075 | D:11     | Noticed a tengu warrior
 13095 | D:11     | Killed a tengu warrior
 13201 | D:11     | Slain by a wyvern

Illustrated notes

Levels and vault maps discovered:
D:1:      scummos_arrival_simple_crosswalls, layout_rooms
D:2:      layout_basic, basic_altar, hellmonk_ecumenical_altar_leap_of_faith,
          moated_statue
D:3:      layout_rooms, serial_shops, shop, uniq_natasha
D:4:      layout_loops_ring
D:5:      layout_loops_ring, corexii_leaking_fountain
D:6:      layout_rooms, chequers_temple_overflow_statue_of_worship,
          serial_co_window_serial, co_window_of_opportunity_a,
          co_window_paths_a, co_window_corner_a, co_window_paths_a,
          co_window_paths_b, co_window_paths_b, co_window_corner_a,
          co_window_cross_3, co_window_unsneaky_path_d, co_window_corner_ca,
          co_window_corner_b, co_window_of_opportunity_b,
          co_window_of_opportunity_b, co_window_4corner_a,
          roderic_three_in_a_row, wad_floor_pattern_untrapped
D:7:      layout_loops_cross, temple_green, wad_floor_pattern_1, uniq_menkaure
D:8:      layout_basic, amcnicky_mini_corridor_feature, uniq_amaemon
D:9:      kennysheep_big_flooded_room, layout_cave_pods, uniq_pikel
D:10:     layout_roguey
D:11:     layout_roguey [special_room_orc], minmay_lair_entry_grove, david_orc_5
Temple:   regret_index_temple_chain_breaker

Skill      XL: |  1  2  3  4  5  6  7  8  9 10 11 |
---------------+----------------------------------+-----
Armour         | 1 2 3 4 5 |  5.4
Fighting       | 3 4 5 6 7 9 10 | 10.4
Polearms       | 5 6 7 8 9 11 12 | 12.6
Dodging        | 5 6 7 8 9 11 12 | 12.7
Invocations    | 3 6 |  6.1
Throwing       | |  2.0

Action                   |  1- 3 |  4- 6 |  7- 9 | 10-12 || total
-------------------------+-------+-------+-------+-------++-------
Melee: Trident           |   133 |   124 |   351 |   363 ||   971
       Punch             |     1 |     1 |     7 |     7 ||    16
       Tailslap          |       |       |       |     7 ||     7
Throw: Throwing net      |       |     1 |     8 |     2 ||    11
Invok: Divine Shield     |       |       |       |     1 ||     1
  Use: Scroll            |     7 |     3 |    10 |     7 ||    27
       Potion            |       |       |     6 |     3 ||     9
 Stab: Sleeping          |     2 |     1 |       |       ||     3
       Held in net/web   |       |       |     3 |       ||     3
Armor: Leather armour    |    26 |    20 |    69 |    46 ||   161
Dodge: Dodged            |    61 |    38 |   218 |   255 ||   572
Block: Other             |       |       |       |    10 ||    10

Table legend: (Time is in decaauts)
 A = Elapsed time spent in this place.
 B = Non-inter-level travel time spent in this place.
 C = Inter-level travel time spent in this place.
 D = Time resting spent in this place.
 E = Time spent auto-exploring this place.
 F = Levels seen in this place.
 G = Mean time per level.
                   A        B        C        D        E       F      G
               +--------+--------+--------+--------+--------+-----+--------+
         Total |  13102 |  12784 |    318 |   1474 |   9397 |  12 | 1091.8 |
       Dungeon |  12963 |  12646 |    317 |   1474 |   9303 |  11 | 1178.5 |
        Temple |    138 |    138 |      0 |      0 |     94 |   1 |  138.0 |
               +--------+--------+--------+--------+--------+-----+--------+

Top non-repeatable levels by time:
     D:9: 2683 daAuts
     D:6: 1864 daAuts
     D:7: 1486 daAuts
     D:8: 1409 daAuts
     D:5: 1141 daAuts
     D:1: 952 daAuts
     D:4: 883 daAuts
    D:10: 684 daAuts
     D:2: 670 daAuts
     D:3: 653 daAuts
    D:11: 533 daAuts
  Temple: 138 daAuts
